 Dungeon Crawl Stone Soup version 0.18.1-8-gdd0e5ea (webtiles) character file.

71753 Krapule the Unseen (level 14, -8/98 HPs)
             Began as a Vampire Enchanter on May 31, 2016.
             Was the Champion of Kikubaaqudgha.
             Mangled by an eight-headed hydra (13 damage)
             ... on level 8 of the Lair of Beasts on June 4, 2016.
             The game lasted 03:27:10 (32396 turns).

Krapule the Unseen (Vampire Enchanter)             Turns: 32396, Time: 03:27:12

Health: -8/98      AC: 11    Str: 12    XL:     14   Next: 99%
Magic:  27/27      EV: 25    Int: 18    God:    Kikubaaqudgha [******]
Gold:   1256       SH:  0    Dex: 21    Spells: 4 memorised, 17 levels left

rFire  + . .     SeeInvis +     c - +1 dagger (speed)
rCold  + + .     Gourm    .     P - +1 robe {rC+ rF+}
rNeg   + + .     Faith    .     (no shield)
rPois  +         Spirit   .     s - +0 helmet {SInv}
rElec  .         Dismiss  .     G - +0 cloak
rCorr  .         Reflect  .     F - +1 pair of gloves of Happiness {Slay+2 Stlth+}
SustAt .         Harm     .     (no boots)
MR     +....                    C - amulet "Nevvuy" {+Rage Str+5}
Stlth  ++++++++++               M - +4 ring of protection
                                y - ring of stealth

@: regenerating slowly, somewhat resistant to hostile enchantments, uncannily
stealthy
A: fangs 3, thin skeletal structure 1, see invisible, unbreathing
a: Bat Form, Receive Corpses, Torment, Brand Weapon With Pain, Receive
Necronomicon, Renounce Religion, Evoke Berserk Rage


You were on level 8 of the Lair of Beasts.
You worshipped Kikubaaqudgha.
Kikubaaqudgha was exalted by your worship.
You were very thirsty.

You visited 4 branches of the dungeon, and saw 22 of its levels.

You collected 1896 gold pieces.
You spent 640 gold pieces at shops.

Inventory:

Hand Weapons
 c - a +1 dagger of speed (weapon)
 h - a +2 dagger of venom
 j - a +5 antimagic dagger
 k - a +2 short sword of flaming
 K - a +4 dagger of draining
Armour
 p - a +2 robe of fire resistance
 s - a +0 helmet of see invisible (worn)
 F - the +1 pair of gloves of Happiness (worn) {Slay+2 Stlth+}
   (You found it on level 2 of the Orcish Mines)

   It affects your accuracy and damage with ranged weapons and melee attacks
   (+2).
   It makes you more stealthy.
 G - a +0 cloak (worn)
 J - a +1 robe of magic resistance
 P - a +1 robe of resistance (worn)
Rods
 g - a +0 lightning rod (14/14)
   (You found it on level 3 of the Lair of Beasts)
Jewellery
 f - a +2 amulet of reflection
 l - an uncursed ring of wizardry
 y - a ring of stealth (left hand)
 C - the amulet "Nevvuy" (around neck) {+Rage Str+5}
   (You found it on level 5 of the Dungeon)

   [amulet of rage]

   It affects your strength (+5).
   It lets you go berserk.
 M - a +4 ring of protection (right hand)
Wands
 b - a wand of teleportation (4/9)
 m - a wand of iceblast (6/15)
 u - a wand of heal wounds (4/9)
 A - a wand of iceblast (0/15)
 E - a wand of lightning (9/15)
 L - a wand of disintegration (16/24)
Scrolls
 a - 2 scrolls of fear
 e - 7 scrolls of teleportation
 i - 2 scrolls of identify
 n - 3 scrolls of remove curse
 x - 2 scrolls of magic mapping
 H - 2 scrolls of recharging
 R - 2 scrolls of blinking
Potions
 d - 24 potions of blood
 q - 8 potions of curing
 r - 2 potions of resistance
 t - 7 potions of might
 v - 3 potions of invisibility
 w - 3 potions of magic
 z - 2 potions of haste
 B - 2 potions of agility
 D - 3 potions of flight


   Skills:
 - Level 5.0 Fighting
 + Level 13.0 Short Blades
 - Level 3.0 Armour
 + Level 13.6 Dodging
 + Level 18.0 Stealth
 - Level 9.0 Spellcasting
 - Level 12.0 Hexes
 + Level 7.5 Necromancy
 + Level 4.2 Ice Magic
 - Level 3.0 Evocations


You had 17 spell levels left.
You knew the following spells:

 Your Spells              Type           Power        Failure   Level  Hunger
a - Ensorcelled Hibernat  Hex/Ice        #####.       1%          2    None
e - Tukima's Dance        Hex            ######..     1%          3    None
r - Invisibility          Hex            ######..     12%         6    ######.
z - Confuse               Hex            ######..     1%          3    None


Dungeon Overview and Level Annotations

Branches:
Dungeon (11/15)            Temple (1/1) D:7            Lair (8/8) D:11
 Shoals (0/4) Lair:4        Snake (0/4) Lair:6        Slime (0/6) Lair:6
    Orc (2/2) D:10            Elf (0/3) Orc:2

Altars:
Ashenzari
Cheibriados
Dithmenos
Elyvilon
Fedhas
Gozag
Kikubaaqudgha
Makhleb
Nemelex Xobeh
Okawaru
Pakellas
Qazlal
Ru
Sif Muna
Trog
Vehumet
Xom
Yredelemnul
Zin
The Shining One
Beogh
Jiyva

Shops:
Orc:1 =   Orc:2 [[(=

Annotations:
D:2 Jessica


Innate Abilities, Weirdness & Mutations

You heal slowly.
You have razor-sharp teeth.
You have supernaturally acute eyesight.
You can survive without breathing.
You have a somewhat thin skeletal structure (Dex +2, Stealth).


Message History

The eight-headed hydra misses you. The eight-headed hydra misses you.
The eight-headed hydra bites you but does no damage.
The eight-headed hydra completely misses you. x2
The eight-headed hydra barely misses you.
The eight-headed hydra bites you.
* * * LOW HITPOINT WARNING * * *
The eight-headed hydra bites you!
* * * LOW HITPOINT WARNING * * *
The eight-headed hydra misses you.
One of your 25 potions of blood rots away.
The eight-headed hydra completely misses you.
The eight-headed hydra closely misses you.
The eight-headed hydra bites you!
* * * LOW HITPOINT WARNING * * *
The eight-headed hydra completely misses you.
The eight-headed hydra bites you but does no damage.
The eight-headed hydra bites you!
You die...
Kikubaaqudgha rasps: "You have failed me!
Welcome... oblivion!"

#...##.#..P###......#####
...........P........#...#
...P...................##
..!....................##
.)......................#
÷.........#...........###
.........#.#...........#
.......................#
####............@......#
................D.....P#
.8.#....÷.#.......PPPPP#
...#.....##.......PPP###
#.#.......##....#.P.##
.........##.....#.### ##
.........P.PP...P.).##P##
........P..PPP..........#
.........P.PPPP.......###


You could see an eight-headed hydra.

Vanquished Creatures
  Rupert (Lair:4)
  An orc warlord (Orc:2)
  The ghost of Statics the Covert, a journeyman KoEn of Ashenzari (Lair:4)
  Josephine (D:9)
  7 hydras
  2 catoblepae
  Erolcha (D:10)
  A death yak (Lair:8)
  5 orc high priests (Orc:2)
  A fire crab (Lair:7)
  4 griffons
  4 cyclopes
  5 orc sorcerers
  6 orc knights (Orc:2)
  Maurice (D:10)
  19 elephants
  6 black mambas
  Psyche (D:11)
  11 spiny frogs
  A gargoyle (D:10)
  2 torpor snails
  3 rime drakes
  9 komodo dragons
  A queen bee (D:8)
  A spriggan druid (Lair:8)
  2 trolls
  2 polar bears
  2 two-headed ogres (Orc:2)
  9 blink frogs
  2 redbacks (Lair:8)
  6 spriggans
  A vampire (D:11)
  2 wyverns
  28 yaks
  3 wraiths (D:10)
  3 basilisks
  11 hippogriffs
  2 hungry ghosts
  9 wargs
  3 vampire mosquitoes (Lair:2)
  An insubstantial wisp (Lair:2)
  4 nagas (Lair:6)
  17 water moccasins
  21 porcupines
  5 black bears
  An ice beast (D:6)
  37 orc warriors
  A sky beast (D:6)
  A wasp (Lair:8)
  15 ogres
  A phantom (D:4)
  An eye of draining (D:8)
  13 wolves
  7 centaurs
  20 crocodiles
  19 giant frogs
  A gnoll sergeant (D:9)
  A wyvern zombie (D:9)
  2 wyvern skeletons
  5 scorpions
  22 killer bees
  5 wights (D:10)
  A howler monkey (D:6)
  3 electric eels
  2 crimson imps
  2 jellies
  7 hounds
  2 giant frog skeletons
  33 orc priests
  3 centaur skeletons
  4 iguanas
  24 orc wizards
  6 hell rats (Lair:7)
  10 worker ants
  A killer bee zombie (D:7)
  17 sheep
  2 hound zombies
  3 worker ant zombies
  Robin (D:1)
  3 gnolls (D:9)
  2 howler monkey zombies
  2 howler monkey skeletons (D:5)
  14 adders
  72 river rats
  2 shadow imps
  An adder zombie (D:5)
  4 worms
  A dart slug (D:2)
  5 giant geckos
  93 orcs
  2 ball pythons
  9 bats
  8 giant cockroaches
  12 goblins
  3 hobgoblins
  12 jackals
  5 quokkas
  A giant gecko skeleton (D:8)
  4 giant newts
  A jackal skeleton (D:4)
  6 kobolds
  10 rats
  A fungus (Lair:1)
774 creatures vanquished.

Vanquished Creatures (collateral kills)
  A two-headed ogre (Orc:2)
  7 orc warriors
  4 ogres
  2 orc priests (Orc:2)
  An orc wizard (D:7)
  An adder (D:7)
  15 orcs
31 creatures vanquished.

Vanquished Creatures (others)
  8 dancing weapons
  An orc priest (Orc:2)
  4 orcs (Orc:2)
  A bush (D:11)
  32 fungi
  17 plants
63 creatures vanquished.

Grand Total: 868 creatures vanquished

Notes
Turn   | Place    | Note
--------------------------------------------------------------
     0 | D:1      | Krapule the Vampire Enchanter began the quest for the Orb.
     0 | D:1      | Reached XP level 1. HP: 13/13 MP: 3/3
   317 | D:1      | Reached XP level 2. HP: 19/19 MP: 5/5
   635 | D:1      | Found a snail-covered altar of Cheibriados.
   756 | D:1      | You fall through a shaft!
   864 | D:2      | Reached XP level 3. HP: 24/25 MP: 2/6
   870 | D:2      | Noticed Robin
  1089 | D:2      | Reached skill level 5 in Hexes
  1096 | D:1      | Learned a level 3 spell: Confuse
  1204 | D:2      | Noticed Jessica
  1281 | D:1      | Killed Robin
  1964 | D:2      | Reached XP level 4. HP: 26/31 MP: 1/7
  2156 | D:2      | Found a shattered altar of Ashenzari.
  2667 | D:3      | Reached skill level 1 in Armour
  3305 | D:4      | Reached skill level 1 in Fighting
  3305 | D:4      | Reached XP level 5. HP: 37/37 MP: 4/8
  3420 | D:4      | Learned a level 3 spell: Tukima's Dance
  3603 | D:4      | Noticed a phantom
  4367 | D:3      | Reached skill level 5 in Stealth
  4931 | D:4      | Killed a phantom
  4931 | D:4      | Reached XP level 6. HP: 14/43 MP: 6/10
  6518 | D:5      | Entered Level 5 of the Dungeon
  6541 | D:5      | Reached XP level 7. HP: 47/48 MP: 11/11
  6566 | D:5      | Reached skill level 6 in Stealth
  6630 | D:5      | Got a brightly glowing jade amulet
  6631 | D:5      | Identified the amulet "Nevvuy" {+Rage Str+5} (You found it on level 5 of the Dungeon)
  6895 | D:5      | Found a basalt altar of Yredelemnul.
  6947 | D:5      | Found a white marble altar of Elyvilon.
  7216 | D:6      | Reached skill level 5 in Dodging
  7370 | D:6      | Reached XP level 8. HP: 54/54 MP: 7/13
  7585 | D:6      | Learned a level 2 spell: Ensorcelled Hibernation
  7676 | D:6      | Reached skill level 7 in Stealth
  7914 | D:7      | Found a staircase to the Ecumenical Temple.
  8853 | D:7      | Reached skill level 8 in Stealth
  8980 | D:7      | Reached XP level 9. HP: 49/59 MP: 7/15
  9538 | D:7      | Found an iron altar of Okawaru.
  9641 | Temple   | Entered the Ecumenical Temple
  9698 | Temple   | Became a worshipper of Kikubaaqudgha
 10083 | D:7      | Reached skill level 5 in Short Blades
 10396 | D:8      | Found a radiant altar of Vehumet.
 10418 | D:8      | Noticed a queen bee
 11804 | D:8      | Reached skill level 9 in Stealth
 11804 | D:8      | Reached skill level 5 in Spellcasting
 11865 | D:8      | Reached skill level 1 in Necromancy
 12032 | D:8      | Gained mutation: You have a somewhat thin skeletal structure (Dex +2, Stealth). [potion of beneficial mutation]
 12206 | D:8      | Killed a queen bee
 12206 | D:8      | Reached skill level 10 in Hexes
 13131 | D:9      | Reached XP level 10. HP: 65/65 MP: 17/17
 13229 | D:9      | Found a basalt altar of Yredelemnul.
 13263 | D:9      | Reached * piety under Kikubaaqudgha
 13263 | D:9      | Received a gift from Kikubaaqudgha
 13287 | D:9      | Identified Kikubaaqudgha's Reference Book on Stolen Souls (Kikubaaqudgha gifted it to you on level 9 of the Dungeon)
 14179 | D:9      | Found a burning altar of Makhleb.
 14181 | D:9      | Found a glowing golden altar of the Shining One.
 14272 | D:10     | Entered Level 10 of the Dungeon
 14283 | D:10     | Found a staircase to the Orcish Mines.
 14298 | D:10     | Reached skill level 1 in Ice Magic
 14373 | D:10     | Noticed Erolcha
 14474 | D:10     | Reached skill level 10 in Stealth
 14600 | D:10     | Noticed a gargoyle
 14604 | D:10     | Killed a gargoyle
 15150 | D:10     | Killed Erolcha
 15289 | D:10     | Noticed Josephine
 15462 | D:9      | Killed Josephine
 15462 | D:9      | Reached skill level 11 in Stealth
 15462 | D:9      | Reached XP level 11. HP: 70/70 MP: 16/20
 15477 | D:10     | Reached ** piety under Kikubaaqudgha
 15561 | D:10     | Noticed Maurice
 15571 | D:10     | Killed Maurice
 16155 | D:11     | Found a staircase to the Lair.
 16608 | D:11     | Noticed Psyche
 16619 | D:11     | Killed Psyche
 16776 | Lair:1   | Entered Level 1 of the Lair of Beasts
 16834 | Lair:1   | Reached *** piety under Kikubaaqudgha
 16834 | Lair:1   | Received a gift from Kikubaaqudgha
 16839 | Lair:1   | Reached skill level 12 in Stealth
 16850 | Lair:1   | Identified Kikubaaqudgha's Almanac of Black Secrets (Kikubaaqudgha gifted it to you on level 1 of the Lair of Beasts)
 17221 | Lair:1   | Reached skill level 5 in Necromancy
 17330 | Lair:1   | Learned a level 6 spell: Invisibility
 17376 | Lair:1   | Reached skill level 10 in Dodging
 18023 | Lair:2   | Reached XP level 12. HP: 78/78 MP: 18/23
 18728 | Lair:3   | Reached skill level 13 in Stealth
 18906 | Lair:3   | Reached **** piety under Kikubaaqudgha
 19514 | Lair:3   | Reached skill level 10 in Short Blades
 20015 | Lair:3   | Noticed a five-headed hydra
 20032 | Lair:3   | Killed a five-headed hydra
 20070 | Lair:4   | Noticed Statics's ghost (journeyman KoEn)
 20081 | Lair:4   | Found a staircase to the Shoals.
 20122 | Lair:4   | Noticed a six-headed hydra
 20156 | Lair:4   | Reached skill level 1 in Evocations
 20213 | Lair:4   | Noticed a five-headed hydra
 20228 | Lair:4   | Killed a five-headed hydra
 20416 | Lair:4   | Killed a six-headed hydra
 20416 | Lair:4   | Reached skill level 14 in Stealth
 20445 | Lair:4   | Noticed Rupert
 20542 | Lair:4   | Killed Statics's ghost
 20616 | Lair:4   | Paralysed by Rupert for 2 turns
 20681 | Lair:4   | Killed Rupert
 21194 | Lair:5   | Reached XP level 13. HP: 87/87 MP: 23/25
 21577 | Lair:5   | Reached ***** piety under Kikubaaqudgha
 22333 | Lair:6   | Found a staircase to the Snake Pit.
 22389 | Lair:6   | Found a viscous altar of Jiyva.
 22389 | Lair:6   | Found a staircase to the Slime Pits.
 22448 | Lair:6   | Reached skill level 15 in Stealth
 23047 | Lair:7   | Reached skill level 5 in Fighting
 23833 | Lair:7   | Reached skill level 16 in Stealth
 24316 | Lair:8   | Entered Level 8 of the Lair of Beasts
 25206 | Orc:1    | Entered Level 1 of the Orcish Mines
 25289 | Orc:1    | Reached XP level 14. HP: 84/98 MP: 10/26
 25612 | Orc:1    | Found Xylatax's Jewellery Shop.
 25825 | Orc:1    | Reached ****** piety under Kikubaaqudgha
 25898 | Orc:2    | Entered Level 2 of the Orcish Mines
 27204 | Orc:2    | Got a pair of scorched gloves
 27215 | Orc:2    | Identified the +1 pair of gloves of Happiness {Slay+2 Stlth+} (You found it on level 2 of the Orcish Mines)
 27325 | Orc:2    | Found a staircase to the Elven Halls.
 27496 | Orc:2    | Found a roughly hewn altar of Beogh.
 27846 | Orc:2    | Found Raoph's Armour Emporium.
 27861 | Orc:2    | Reached skill level 17 in Stealth
 28294 | Orc:2    | Found Remeisuir's Armour Shoppe.
 29022 | Orc:2    | Noticed an orc warlord
 29662 | Orc:2    | Found Firchinui's Jewellery Shoppe.
 29695 | Orc:2    | Found a roughly hewn altar of Beogh.
 29704 | Orc:2    | Killed an orc warlord
 29801 | Orc:2    | Found Juadoat's Antique Weapon Emporium.
 29833 | Orc:2    | Bought a runed dagger for 64 gold pieces
 30197 | Orc:2    | Bought a +4 ring of protection for 576 gold pieces
 32074 | Lair:8   | Reached skill level 18 in Stealth
 32396 | Lair:8   | Mangled by an eight-headed hydra

Skill      XL: |  1  2  3  4  5  6  7  8  9 10 11 12 13 14 |
---------------+-------------------------------------------+-----
Hexes          | 5 6 7 9 10 11 12 | 12.0
Dodging        | 3 4 5 6 7 9 10 11 12 13 | 13.6
Armour         | 1 2 3 |  3.0
Short Blades   | 2 3 4 6 8 9 10 12 13 | 13.0
Fighting       | 1 2 3 5 |  5.0
Stealth        | 5 6 8 9 11 12 14 16 18 | 18.0
Spellcasting   | 3 4 5 6 7 8 9 |  9.0
Necromancy     | 3 5 7 |  7.5
Ice Magic      | 3 4 |  4.2
Evocations     | 2 3 |  3.0

Action                   |  1- 3 |  4- 6 |  7- 9 | 10-12 | 13-15 || total
-------------------------+-------+-------+-------+-------+-------++-------
Melee: Dagger            |   118 |    16 |       |       |   891 ||  1025
       Bite              |    12 |    12 |    35 |   104 |   174 ||   337
       Short sword       |       |   178 |   323 |   757 |   447 ||  1705
 Cast: Corona            |     5 |     1 |       |       |       ||     6
       Confuse           |       |    14 |    55 |   132 |    64 ||   265
       Tukima's Dance    |       |     2 |     7 |     4 |    57 ||    70
       Ensorcelled Hiber |       |       |    11 |    13 |    35 ||    59
       Invisibility      |       |       |       |     4 |    17 ||    21
 Abil: End Transformatio |       |     1 |       |     2 |     2 ||     5
       Bat Form          |       |     1 |       |     2 |     2 ||     5
Evoke: Wand              |       |       |     2 |     4 |     2 ||     8
  Use: Potion            |     1 |     6 |    10 |     7 |     8 ||    32
       Scroll            |       |       |    13 |    14 |     7 ||    34
 Stab: Sleeping          |    15 |    13 |    25 |    62 |    90 ||   205
       Confused          |       |     8 |    28 |    88 |    31 ||   155
       Distracted        |       |     2 |     4 |     6 |     8 ||    20
       Invisible         |       |       |       |     9 |    83 ||    92
  Eat: Corpse            |     1 |     1 |       |       |       ||     2
Armor: Robe              |    17 |    35 |    54 |    55 |    92 ||   253
Dodge: Dodged            |    92 |    89 |   207 |   455 |   955 ||  1798
